 Dungeon Crawl Stone Soup version 0.19.5 (webtiles) character file.

20266 tricornhat the Basher (level 12, -4/96 HPs)
             Began as a Demonspawn Berserker on Mar 19, 2017.
             Was the Champion of Trog.
             Killed by divine providence
             ... invoked by a smoke demon
              (15 damage)
             ... on level 2 of the Abyss.
             The game lasted 01:17:26 (10844 turns).

tricornhat the Basher (Demonspawn Berserker)       Turns: 10844, Time: 01:17:27

Health: -4/96      AC: 19    Str: 19 (21) XL:     12   Next: 43%
Magic:  12/12      EV:  9    Int:  8 (9)  God:    Trog [******]
Gold:   627        SH:  0    Dex: 11 (14) Spells: 0 memorised, 11 levels left

rFire  . . .     SeeInvis .     J - +2 great mace (drain)
rCold  . . .     Gourm    .     o - +0 chain mail
rNeg   . . .     Faith    .     (shield currently unavailable)
rPois  .         Spirit   .     (helmet restricted)
rElec  .         Reflect  .     w - +1 cloak
rCorr  .         Harm     .     y - +2 pair of gloves
MR     .....                    r - +1 pair of boots
Stlth  ..........               I - amulet of regeneration
                                (no ring)
                                (no ring)

@: liquid flames, corroded, very slightly contaminated, glowing
A: claws 1, hooves 1, horns 2, molten scales 1, nightstalker 1, screaming 1,
shaggy fur 1, spiny 3
a: Berserk, Trog's Hand, Brothers in Arms, Burn Spellbooks, Renounce Religion


You were on level 2 of the Abyss.
You worshipped Trog.
Trog was exalted by your worship.
You were hungry.

You visited 1 branch of the dungeon, and saw 12 of its levels.
You visited the Abyss 1 time.

You collected 787 gold pieces.
You spent 160 gold pieces at shops.

Inventory:

Hand Weapons
 a - a +3 flail of draining
 k - a +1 mace
 n - the +0 mace "Hejig" {crush, *Rage rPois rN+++ MP-9}
   (You found it on level 9 of the Dungeon)

   It inflicts extra damage upon your enemies.
   It protects you from poison.
   It renders you almost immune to negative energy.
   It affects your magic capacity (-9).
   It may make you go berserk in combat.
 F - the +11 hunting sling "Xubehup" {velocity, rF+, unknown}
   (Trog gifted it to you on level 11 of the Dungeon)

   Any stone fired from it inflicts extra damage.
   It protects you from fire.
 J - a +2 great mace of draining (weapon)
Armour
 o - a +0 chain mail (worn)
 r - a +1 pair of boots (worn)
 w - a +1 cloak (worn)
 y - a +2 pair of gloves (worn)
Jewellery
 E - an uncursed amulet of faith
 I - an amulet of regeneration (around neck)
Wands
 l - a wand of polymorph (7/24)
 K - a wand of acid (9/15)
Scrolls
 f - 7 scrolls of remove curse
 g - 3 scrolls of identify
 m - 4 scrolls of recharging
 t - 2 scrolls of fog
 C - a scroll of brand weapon {unknown}
 D - a scroll of blinking
 G - a scroll of noise {unknown}
Potions
 b - a potion of ambrosia {unknown}
 d - 2 potions of heal wounds
 e - 3 potions of flight
 q - a potion of degeneration
 s - a potion of might
 u - 2 potions of lignification
 z - a potion of brilliance
 B - 6 potions of curing
Miscellaneous
 h - a box of beasts
Comestibles
 c - 13 bread rations
 i - a royal jelly
 j - 5 meat rations
 v - 3 beef jerkies


   Skills:
 + Level 9.5 Fighting
 + Level 13.2 Maces & Flails
 + Level 10.3 Armour
 + Level 4.5 Dodging
 + Level 1.0 Unarmed Combat
 + Level 0.8 Evocations


You had 11 spell levels left.
You didn't know any spells.

Dungeon Overview and Level Annotations

Branches:
Dungeon (12/15)            Temple (0/1) D:5            Lair (0/6) D:9
    Orc (0/2) D:11

Altars:
Ashenzari
Makhleb
Ru
Xom
Zin

Shops:
D:6 *   D:9 !

Annotations:
D:12 exclusion: oklob sapling, Psyche


Innate Abilities, Weirdness & Mutations

You have a pair of horns on your head.
You are partially covered in molten scales. (AC +2)
You are slightly more attuned to the shadows.
You are completely covered in sharp spines.
You have sharp fingernails.
You have large cloven feet.
You occasionally shout uncontrollably at your foes.
You are covered in fur. (AC +1)


Message History

A large abomination comes into view.
Found a scroll of remove curse.
The large abomination misses you. The smoke demon gestures at you.
The sticky flame hits you!
You are covered in liquid flames!
A rust devil comes into view.
You are covered in liquid flames!
The rust devil screeches!
You are covered in liquid flames!
The smoke demon gestures at you. The ball of steam hits you!
* * * LOW HITPOINT WARNING * * *
The ball of steam hits the rust devil.
The rust devil resists.
You are covered in liquid flames!
* * * LOW HITPOINT WARNING * * *
The rust devil hits you. The rust devil corrodes you!
The smoke demon gestures at you. Something smites you!
You die...

.3#.. .. #.... .#
##....##.# #......#.##
..........#...# ###
.....#4#..##..# ..
.....#§@......# #
.......§......# #.
......X.§.!...######. #
..###...§.......#... .
. ###......3....#.....
# .
##....#...........##..#
3 #.................#.#
. #. ###...?..###.#..
.... . #. ###..#.#....
..... ...§.


You could see a large abomination, a rust devil, a smoke demon and a ynoxinul
(wandering).

Vanquished Creatures
  A centaur warrior (D:11)
  The ghost of Exporg the Cruncher, a novice MiBe of Trog (D:10)
  2 unseen horrors
  The ghost of tognito the Skirmisher, a novice MiBe of Trog (D:6)
  3 hill giants (D:12)
  Pikel (D:7)
  2 ugly things
  2 cyclopes (D:12)
  An elephant (D:9)
  2 gargoyles
  A komodo dragon (D:10)
  3 trolls
  A queen bee (D:8)
  The ghost of Haldmier the Slasher, an amateur HESk (D:4)
  3 slime creatures (D:12)
  2 hippogriffs
  23 yaks
  Grum (D:11)
  A wyvern (D:7)
  2 hungry ghosts
  A steam dragon (D:8)
  A water moccasin (D:5)
  A swamp drake (D:8)
  Duvessa (D:7)
  3 phantoms
  A hornet zombie (D:9)
  2 ice beasts
  An orc warrior (D:11)
  5 ogres
  An eye of draining (D:8)
  2 sky beasts
  4 wolves (D:11)
  A black bear (D:11)
  5 centaurs
  3 crocodiles
  2 big kobolds (D:10)
  4 bullfrogs
  Dowan (D:7)
  A wyvern skeleton (D:12)
  3 scorpions
  31 killer bees
  4 howler monkeys
  5 crimson imps
  A bullfrog zombie (D:10)
  A centaur zombie (D:12)
  7 hounds
  A quasit (D:10)
  2 centaur skeletons
  3 jellies
  2 gnoll shamans
  3 orc priests
  5 iguanas
  Ijyb (D:3)
  Natasha (twice) (D:2)
  6 orc wizards
  6 worker ants
  A killer bee zombie (D:10)
  A hound zombie (D:6)
  2 hound skeletons
  A worker ant zombie (D:5)
  11 gnolls
  12 adders
  2 shadow imps
  3 oozes
  3 adder skeletons
  4 worms
  A dart slug (D:1)
  6 leopard geckos
  25 orcs
  2 ball pythons
  12 bats
  5 giant cockroaches
  11 goblins
  6 hobgoblins
  6 jackals
  6 quokkas
  2 frilled lizards (D:2)
  2 jackal skeletons
  23 kobolds
  13 rats
  2 butterflies (D:5)
339 creatures vanquished.

Vanquished Creatures (others)
  A bush (D:12)
  12 plants
13 creatures vanquished.

Grand Total: 352 creatures vanquished

Notes
Turn   | Place    | Note
-------+----------+-------------------------------------------
     0 | D:1      | tricornhat the Demonspawn Berserker began the quest for the Orb.
     0 | D:1      | Reached XP level 1. HP: 18/18 MP: 1/1
    96 | D:1      | Reached skill level 3 in Maces & Flails
   119 | D:1      | Gained mutation: You have a pair of small horns on your head. [demonic ancestry]
   119 | D:1      | Reached XP level 2. HP: 21/24 MP: 2/2
   385 | D:1      | Gained mutation: You are slightly more attuned to the shadows. [demonic ancestry]
   385 | D:1      | Reached XP level 3. HP: 28/29 MP: 3/3
   417 | D:1      | Reached ** piety under Trog
   767 | D:2      | Noticed Natasha
   771 | D:2      | Killed Natasha
   771 | D:2      | Reached XP level 4. HP: 32/35 MP: 4/4
   849 | D:2      | Found a shimmering altar of Xom.
  1150 | D:2      | Reached skill level 4 in Maces & Flails
  1464 | D:2      | Noticed Natasha
  1469 | D:2      | Killed Natasha
  1818 | D:3      | Gained mutation: You are partially covered in sharp spines. [demonic ancestry]
  1818 | D:3      | Reached XP level 5. HP: 39/42 MP: 5/5
  1822 | D:3      | Found a shattered altar of Ashenzari.
  2090 | D:3      | Reached *** piety under Trog
  2189 | D:3      | Noticed a phantom
  2201 | D:3      | Killed a phantom
  2201 | D:3      | Gained mutation: You are mostly covered in sharp spines. [demonic ancestry]
  2201 | D:3      | Reached XP level 6. HP: 43/48 MP: 6/6
  2491 | D:3      | Noticed Ijyb
  2495 | D:3      | Reached skill level 5 in Maces & Flails
  2517 | D:3      | Killed Ijyb
  2699 | D:3      | Found a sacrificial altar of Ru.
  3135 | D:4      | Got an ancient leather armour
  3136 | D:4      | Identified the +2 leather armour of Rasan {rF+ SInv} (You found it on level 4 of the Dungeon)
  3181 | D:4      | Noticed Haldmier's ghost (amateur HESk)
  3196 | D:4      | Killed Haldmier's ghost
  3196 | D:4      | Gained mutation: You are partially covered in molten scales. (AC +2) [demonic ancestry]
  3196 | D:4      | Reached XP level 7. HP: 40/55 MP: 7/7
  3304 | D:4      | Reached skill level 6 in Maces & Flails
  3413 | D:3      | Found a glowing silver altar of Zin.
  4071 | D:5      | Entered Level 5 of the Dungeon
  4143 | D:5      | Reached **** piety under Trog
  4185 | D:5      | Reached skill level 5 in Fighting
  4198 | D:5      | Reached skill level 1 in Unarmed Combat
  4198 | D:5      | Reached XP level 8. HP: 60/62 MP: 8/8
  4262 | D:5      | Reached skill level 7 in Maces & Flails
  4319 | D:5      | Found a staircase to the Ecumenical Temple.
  4738 | D:6      | Noticed tognito's ghost (novice MiBe)
  4761 | D:6      | Killed tognito's ghost
  4761 | D:6      | Reached skill level 5 in Armour
  4864 | D:6      | Reached skill level 8 in Maces & Flails
  4864 | D:6      | Gained mutation: You are completely covered in sharp spines. [demonic ancestry]
  4864 | D:6      | Reached XP level 9. HP: 66/69 MP: 9/9
  4935 | D:6      | Found Kiasoar's Assorted Antiques.
  5176 | D:7      | Noticed Duvessa
  5186 | D:7      | Killed Duvessa
  5188 | D:7      | Noticed Dowan
  5193 | D:7      | Killed Dowan
  5396 | D:7      | Noticed Pikel
  5407 | D:7      | Killed Pikel
  5494 | D:7      | Reached skill level 9 in Maces & Flails
  5559 | D:7      | Reached ***** piety under Trog
  5892 | D:8      | Noticed a queen bee
  5910 | D:8      | Killed a queen bee
  5910 | D:8      | Reached XP level 10. HP: 37/77 MP: 10/10
  6419 | D:9      | Reached skill level 10 in Maces & Flails
  6575 | D:9      | Noticed an elephant
  6588 | D:9      | Killed an elephant
  6706 | D:9      | Found Fono's Distillery.
  6709 | D:9      | Got a bloodstained mace
  6713 | D:9      | Identified the cursed +0 mace "Hejig" {crush, *Rage rPois rN+++ MP-9} (You found it on level 9 of the Dungeon)
  6724 | D:9      | Bought 2 potions of heal wounds for 100 gold pieces
  6724 | D:9      | Bought a potion of curing for 30 gold pieces
  6724 | D:9      | Bought a potion of curing for 30 gold pieces
  6751 | D:9      | Found a staircase to the Lair.
  6840 | D:10     | Entered Level 10 of the Dungeon
  7085 | D:10     | Noticed Exporg's ghost (novice MiBe)
  7677 | D:10     | Killed Exporg's ghost
  7677 | D:10     | Reached skill level 11 in Maces & Flails
  7750 | D:10     | Gained mutation: You have a pair of horns on your head. [demonic ancestry]
  7750 | D:10     | Reached XP level 11. HP: 83/86 MP: 11/11
  8320 | D:10     | Killed an unseen horror
  8795 | D:11     | Found a burning altar of Makhleb.
  8950 | D:11     | Received a gift from Trog
  8956 | D:11     | Got a steaming hunting sling {god gift}
  9055 | D:11     | Noticed Grum
  9061 | D:11     | Killed Grum
  9574 | D:11     | Noticed a centaur warrior
  9583 | D:11     | Killed a centaur warrior
  9634 | D:11     | Reached skill level 12 in Maces & Flails
  9764 | D:11     | Noticed a cyan ugly thing
  9777 | D:11     | Killed a cyan ugly thing
  9893 | D:11     | Reached skill level 10 in Armour
 10066 | D:11     | Found a staircase to the Orcish Mines.
 10140 | D:12     | Noticed a hill giant
 10143 | D:12     | Killed a hill giant
 10196 | D:12     | Reached XP level 12. HP: 86/94 MP: 12/12
 10488 | D:12     | Reached ****** piety under Trog
 10520 | D:12     | Reached skill level 13 in Maces & Flails
 10644 | D:12     | Received a gift from Trog
 10666 | D:12     | Gained mutation: You have large cloven feet. [potion of mutation]
 10666 | D:12     | Gained mutation: You have sharp fingernails. [potion of mutation]
 10666 | D:12     | Gained mutation: You occasionally shout uncontrollably at your foes. [potion of mutation]
 10694 | D:12     | Gained mutation: You are covered in fur. (AC +1) [potion of beneficial mutation]
 10714 | D:12     | Noticed Psyche
 10738 | D:12     | Cast into level 2 of the Abyss (Psyche)
 10844 | Abyss:2  | Killed from afar by a smoke demon

Skill      XL: |  1  2  3  4  5  6  7  8  9 10 11 12 |
---------------+-------------------------------------+-----
Maces & Flails | 3 4 5 6 8 9 11 12 13 | 13.2
Dodging        | 2 3 4 |  4.5
Fighting       | 4 5 6 7 8 9 |  9.5
Armour         | 2 3 4 5 7 8 10 | 10.3
Unarmed Combat | 1 |  1.0
Evocations     | |  0.8

Action                   |  1- 3 |  4- 6 |  7- 9 | 10-12 || total
-------------------------+-------+-------+-------+-------++-------
Melee: Mace              |    60 |   150 |    38 |    92 ||   340
       Headbutt          |    13 |    22 |    40 |   115 ||   190
       Unarmed           |       |     9 |       |       ||     9
       Flail             |       |       |   184 |   389 ||   573
       Punch             |       |       |       |     4 ||     4
       Great mace        |       |       |       |     7 ||     7
Invok: Burn Spellbooks   |       |       |     1 |       ||     1
       Berserk           |       |       |       |     1 ||     1
Evoke: Wand              |       |       |       |     3 ||     3
  Use: Scroll            |       |    13 |     4 |     9 ||    26
       Potion            |       |       |     2 |    13 ||    15
 Stab: Sleeping          |     1 |       |       |       ||     1
  Eat: Chunk             |       |     7 |     2 |     4 ||    13
       Beef jerky        |       |       |     1 |     5 ||     6
       Pizza             |       |       |     1 |       ||     1
       Fruit             |       |       |     5 |       ||     5
       Bread ration      |       |       |       |     2 ||     2
Armor: Animal skin       |    15 |       |       |       ||    15
       Chain mail        |       |    89 |   133 |   240 ||   462
       Skin              |       |     1 |       |       ||     1
Dodge: Dodged            |    50 |    77 |   100 |   192 ||   419
